 Dungeon Crawl Stone Soup version 0.30.1-11-g7821555f0a (webtiles) character file.

Game seed: 8888293396750375115

10694 MacCMillion the Cleaver (level 11, -1/95 HPs)
             Began as a Ghoul Fighter on Dec 3, 2023.
             Was a Believer of Makhleb.
             Slain by a hell hound (9 damage)
             ... on level 1 of the Abyss.
             The game lasted 00:15:41 (12345 turns).

MacCMillion the Cleaver (Ghoul Fighter)            Turns: 12345, Time: 00:15:41

Health: -1/95      AC: 25    Str: 31    XL:     11   Next: 66%
Magic:  14/15      EV:  7    Int:  3    God:    Makhleb [**....]
Gold:   688        SH:  4    Dex:  8    Spells: 10/10 levels left

rFire   . . .        w - +4 hand axe (elec)
rCold   + . .        c - +0 buckler
rNeg    + + +        O - +0 plate armour
rPois   ∞            P - +2 helmet
rElec   .            (no cloak)
rCorr   .            b - +2 pair of gloves
SInv    .            L - +0 pair of boots
Will    .....        i - amulet of the acrobat Stlth
                     N - +4 ring of protection
HPRegen 0.00/turn    F - +6 ring of strength
MPRegen 0.14/turn

%: acrobat
@: mighty, inhibited regen
A: claws 1, cold resistance 1, negative energy resistance 3, inhibited
regeneration, torment resistance 2, devour on kill
a: Renounce Religion, Minor Destruction


You were on level 1 of the Abyss.
You worshipped Makhleb.
Makhleb was pleased with you.
You visited 2 branches of the dungeon, and saw 10 of its levels.
You visited the Abyss 1 time.

You collected 751 gold pieces.
You spent 63 gold pieces at shops.

Inventory:

Hand Weapons
 a - a +0 war axe
 r - a +3 war axe
 w - a +4 hand axe of electrocution (weapon)
Missiles
 m - 6 javelins
 q - 6 boomerangs (quivered)
 D - 4 silver javelins
 M - 2 atropa-tipped darts
 Q - 2 throwing nets
 R - a curare-tipped dart
Armour
 b - a +2 pair of gloves (worn)
 c - a +0 buckler (worn)
 L - a +0 pair of boots (worn)
 O - a +0 plate armour (worn)
 P - a +2 helmet (worn)
Jewellery
 i - an amulet of the acrobat (around neck)
 p - an amulet of magic regeneration
 F - a +6 ring of strength (right hand)
 N - a +4 ring of protection (left hand)
Wands
 E - a wand of flame (34)
 K - a wand of acid (8)
Scrolls
 f - 4 scrolls of vulnerability
 g - 2 scrolls of fear
 h - 2 scrolls of noise
 k - a scroll of brand weapon {unknown}
 n - 6 scrolls of identify
 s - a scroll of amnesia
 t - a scroll of immolation {unknown}
 v - 3 scrolls of teleportation
 y - 2 scrolls of poison {unknown}
 C - 2 scrolls of blinking {unknown}
 H - 4 scrolls of magic mapping
 J - a scroll of fog {unknown}
Potions
 d - 2 potions of might
 e - 4 potions of curing {unknown}
 j - 2 potions of haste {unknown}
 l - a potion of magic {unknown}
 o - 2 potions of mutation {unknown}
 u - a potion of degeneration {unknown}
 x - 2 potions of invisibility {unknown}
 z - 2 potions of flight {unknown}
 A - 3 potions of attraction {unknown}
 B - a potion of ambrosia {unknown}
 G - 2 potions of lignification {unknown}
 I - a potion of brilliance {unknown}


   Skills:
 + Level 8.9 Fighting
 + Level 12.0 Axes
 + Level 7.3 Armour
 - Level 4.0 Shields
 + Level 6.8 Invocations


You had 10 spell levels left.
You didn't know any spells.
Your spell library contained the following spells:

 Spells                   Type           Power      Damage    Failure   Level
 Apportation              Tloc           0%         N/A       99%         1
 Kiss of Death            Conj/Necr      0%         2d5       99%         1
 Shock                    Conj/Air       0%         1d3       99%         1
 Slow                     Hex            0%         N/A       99%         1
 Blink                    Tloc           0%         N/A       100%        2
 Lesser Beckoning         Tloc           0%         N/A       100%        2
 Momentum Strike          Conj/Tloc      0%         3d8       100%        2
 Passwall                 Tmut/Erth      0%         N/A       100%        2
 Confusing Touch          Hex            0%         N/A       100%        3
 Dazzling Flash           Conj/Hex       0%         N/A       100%        3
 Summon Guardian Golem    Hex/Summ       0%         N/A       100%        3
 Swiftness                Air            0%         N/A       100%        3
 Vampiric Draining        Necr           0%         2d6       100%        3
 Airstrike                Air            0%         2d(0-16)  100%        4
 Dispel Undead            Necr           0%         3d6       100%        4
 Fulminant Prism          Conj/Hex       0%         3d5       100%        4
 Iskenderun's Mystic Bla  Conj/Tloc      0%         2d3       100%        4
 Agony                    Necr           0%         N/A       100%        5
 Alistair's Intoxication  Tmut/Pois      0%         N/A       100%        5
 Silence                  Hex/Air        0%         N/A       100%        5
 Orb of Destruction       Conj           0%         9d5       100%        7
 Spellforged Servitor     Conj/Summ      0%         N/A       100%        7
 Blade Hands              Tmut           Unusable   N/A       N/A         5

Dungeon Overview and Level Annotations

Branches:
Dungeon (9/15)             Temple (1/1) D:6            Lair (0/5) D:8
    Orc: D:9-12

Altars:
Ashenzari
Cheibriados
Dithmenos
Fedhas
Gozag
Hepliaklqana
Kikubaaqudgha
Makhleb
Nemelex Xobeh
Okawaru
Qazlal
Ru
Sif Muna
Trog
Uskayaw
Vehumet
Wu Jian
Xom
Yredelemnul

Shops:
D:7 [   D:9 [

Annotations:
D:2 Sigmund
D:3 1 runed translucent door, Crazy Yiuf
D:4 1 runed translucent door, bimbombam's ghost, novice DsGl
D:9 1 exclusion


Innate Abilities, Weirdness & Mutations

You are immune to poison.
You have sharp fingernails.
Your flesh is cold resistant. (rC+)
You are immune to negative energy. (rN+++)
You do not regenerate when monsters are visible.
You are immune to unholy pain and torment.
You thrive by killing the living.


Message History

The worldbinder is heavily damaged.
The worldbinder hits you but does no damage.
The worldbinder barely misses you.
You hit the worldbinder but do no damage.
The worldbinder is heavily damaged.
The tarantella disappears in a puff of smoke!
The worldbinder hits you but does no damage. x2
You slash the worldbinder!
Lightning courses through the worldbinder!
You destroy the worldbinder!
Makhleb accepts your kill.
You feel better.
The wolf spider disappears in a puff of smoke!
Okay, then.
You slash the ancient zyme!
Lightning courses through the ancient zyme!!
The ancient zyme is heavily damaged.
The ancient zyme hits you but does no damage. x2
You slash the ancient zyme!
The ancient zyme is severely damaged.
The ancient zyme hits you.
* * * LOW HITPOINT WARNING * * *
The ancient zyme hits you but does no damage.
You hit the ancient zyme.
The ancient zyme is almost destroyed.
You slice the ancient zyme!!
You destroy the ancient zyme!
Makhleb accepts your kill.
You feel better.
You hit the hell hound.
The hell hound is moderately wounded.
The hell hound bites you.
* * * LOW HITPOINT WARNING * * *
You slash the hell hound!
The hell hound is heavily wounded.
The hell hound bites you but does no damage.
You miss the hell hound.
The hell hound is heavily wounded.
The hell hound bites you!
You die...

## ## # ##..
#.##### #....
#...# #
.....X##.####
#....xh@##
##§§X#### #>


You could see a tentacled starspawn, a large abomination, a hell hound and a
small abomination.

Vanquished Creatures
  A tentacled starspawn (Abyss:1)
  Harold (D:9)
  2 large abominations (Abyss:1)
  A sixfirhy (Abyss:1)
  2 worldbinders (Abyss:1)
  Joseph (D:7)
  A komodo dragon (D:8)
  An ancient zyme (Abyss:1)
  2 wraiths
  A shadow (D:9)
  A vampire (D:9)
  A ynoxinul (Abyss:1)
  Eustachio (D:4)
  3 wyverns (D:8)
  A basilisk (D:8)
  3 steam dragons
  Edmund (D:5)
  A hell hound (Abyss:1)
  2 ice beasts
  An orc warrior (D:9)
  4 black bears
  2 sky beasts (D:7)
  3 ogres
  7 centaurs
  A phantom (D:5)
  A kobold brigand (D:9)
  2 gnoll sergeants
  7 bullfrogs
  5 scorpions
  7 wights
  A howler monkey (D:4)
  2 jellies
  7 hounds
  8 orc priests
  2 sleepcaps
  Terence (D:2)
  Natasha (thrice) (D:2)
  5 iguanas
  8 orc wizards
  Robin (D:1)
  5 adders
  3 gnolls (D:9)
  2 shadow imps
  2 white imps
  3 ufetubi
  3 worms
  6 dart slugs
  34 orcs
  7 endoplasms
  A giant cockroach (D:2)
  20 goblins
  10 hobgoblins
  5 quokkas
  5 ball pythons
  3 bats
  3 frilled lizards
  15 kobolds
  6 rats
238 creatures vanquished.

Notes
Turn   | Place    | Note
-------+----------+-------------------------------------------
     0 | D:1      | MacCMillion the Ghoul Fighter began the quest for the Orb.
     0 | D:1      | Reached XP level 1. HP: 19/19 MP: 0/0
    92 | D:1      | Reached skill level 2 in Axes
   135 | D:1      | Got the Secrets of Brilliant Moulding
   143 | D:1      | Reached XP level 2. HP: 26/26 MP: 1/1
   280 | D:1      | Reached XP level 3. HP: 31/31 MP: 2/2
   519 | D:2      | Noticed Robin
   530 | D:1      | Killed Robin
   812 | D:2      | Noticed Sigmund
  1014 | D:2      | Reached XP level 4. HP: 36/38 MP: 3/3
  1043 | D:2      | Reached skill level 3 in Axes
  1095 | D:2      | Noticed Natasha
  1106 | D:2      | Killed Natasha
  1221 | D:2      | Noticed Natasha
  1223 | D:2      | Killed Natasha
  1224 | D:2      | Reached XP level 5. HP: 45/45 MP: 4/4
  1308 | D:2      | Noticed Terence
  1317 | D:2      | Killed Terence
  1374 | D:2      | Reached skill level 4 in Axes
  1887 | D:3      | Found a runed translucent door.
  1888 | D:3      | Noticed Crazy Yiuf
  1945 | D:3      | Found a hide-covered altar of Uskayaw.
  2109 | D:3      | Reached XP level 6. HP: 45/51 MP: 5/5
  2979 | D:4      | Noticed a black bear
  2991 | D:4      | Killed a black bear
  2992 | D:4      | Reached skill level 5 in Axes
  3072 | D:4      | Noticed Eustachio
  3081 | D:4      | Killed Eustachio
  3082 | D:4      | Reached skill level 6 in Axes
  3082 | D:4      | Reached XP level 7. HP: 30/57 MP: 6/6
  3855 | D:4      | Found a runed translucent door.
  3855 | D:4      | Noticed bimbombam's ghost (novice DsGl)
  3894 | D:4      | Reached skill level 7 in Axes
  4107 | D:5      | Entered Level 5 of the Dungeon
  4215 | D:5      | Noticed Edmund
  4219 | D:5      | Reached XP level 8. HP: 63/63 MP: 7/7
  4222 | D:5      | Killed Edmund
  4223 | D:5      | Reached skill level 8 in Axes
  4495 | D:5      | Reached skill level 9 in Axes
  5270 | D:5      | Reached XP level 9. HP: 47/70 MP: 8/8
  5275 | D:5      | Reached skill level 10 in Axes
  6163 | D:2      | Noticed Natasha
  6167 | D:2      | Killed Natasha
  6583 | D:6      | Reached skill level 5 in Fighting
  7327 | D:6      | Found a staircase to the Ecumenical Temple.
  7338 | Temple   | Entered the Ecumenical Temple
  7518 | Temple   | Became a worshipper of Makhleb the Destroyer
  7574 | D:7      | Found Plog's Armour Emporium.
  7859 | D:7      | Reached skill level 1 in Invocations
  8117 | D:7      | Found a broken altar of Ashenzari.
  8122 | D:7      | Found a shadowy altar of Dithmenos.
  8152 | D:7      | Noticed Joseph
  8193 | D:7      | Killed Joseph
  8194 | D:7      | Reached skill level 5 in Armour
  8194 | D:7      | Reached XP level 10. HP: 67/83 MP: 10/10
  8725 | D:7      | Found a broken altar of Ashenzari.
  8728 | D:7      | Found a shadowy altar of Dithmenos.
  8920 | D:7      | Found Plog's Armour Emporium.
  9486 | D:7      | Bought a +0 pair of boots for 63 gold pieces
  9530 | D:8      | Reached skill level 11 in Axes
 10000 | D:8      | Reached * piety under Makhleb
 10115 | D:8      | Found a staircase to the Lair.
 10347 | D:8      | Found an ornate altar of the Wu Jian Council.
 10406 | D:9      | Found a snail-covered altar of Cheibriados.
 10406 | D:9      | Found an opulent altar of Gozag.
 10407 | D:9      | Found an iron altar of Okawaru.
 10725 | D:9      | Noticed Harold
 10742 | D:9      | Killed Harold
 10751 | D:9      | Reached skill level 5 in Invocations
 10974 | D:9      | Noticed an orc knight
 10974 | D:9      | Noticed an orc sorcerer
 10975 | D:9      | Noticed a rust devil
 10978 | D:9      | Noticed an orange demon
 10987 | D:9      | Noticed a sixfirhy
 11149 | D:9      | Identified the +0 ring mail of the Stonemason {rN+ Dex+4}
 11192 | D:9      | Found a sparkling altar of Nemelex Xobeh.
 11214 | D:9      | Found Regitaap's Armour Boutique.
 11386 | D:9      | Reached XP level 11. HP: 93/93 MP: 13/13
 11586 | D:9      | Reached ** piety under Makhleb
 11719 | D:9      | Identified the +6 great mace of Destiny {distort, *Noise
                  | rF+ Will++ SInv}
 11733 | Abyss:1  | Cast into level 1 of the Abyss (wight)
 11820 | Abyss:1  | Found a corrupted altar of Lugonu.
 11837 | Abyss:1  | Noticed a large abomination
 11846 | Abyss:1  | Noticed a worldbinder
 11857 | Abyss:1  | Killed a large abomination
 11858 | Abyss:1  | Noticed a necromancer
 11861 | Abyss:1  | Killed a worldbinder
 12288 | Abyss:1  | Noticed a sixfirhy
 12311 | Abyss:1  | Noticed a worldbinder
 12314 | Abyss:1  | Noticed an orb spider
 12315 | Abyss:1  | Noticed a wolf spider
 12316 | Abyss:1  | Noticed a tentacled starspawn
 12319 | Abyss:1  | Killed a sixfirhy
 12328 | Abyss:1  | Killed a tentacled starspawn
 12329 | Abyss:1  | Noticed a wolf spider
 12331 | Abyss:1  | Reached skill level 12 in Axes
 12335 | Abyss:1  | HP: 2/95 [worldbinder (4)]
 12338 | Abyss:1  | Killed a worldbinder
 12342 | Abyss:1  | Noticed a tentacled starspawn
 12345 | Abyss:1  | Slain by a hell hound

Illustrated notes

Levels and vault maps discovered:
D:1:      minmay_arrival_split_and_join, layout_rooms, minmay_pentomino_q4
D:2:      layout_loops_ring, uniq_robin, uniq_sigmund, uniq_terence,
          uniq_natasha
D:3:      layout_loops_corners, mainiacjoe_overflow_cross_hatched,
          uniq_crazy_yiuf_cottage
D:4:      layout_rooms, hellmonk_ghost_happy_afterlife, uniq_eustachio
D:5:      minmay_chambers_of_threes, layout_basic, uniq_edmund
D:6:      layout_basic, minmay_temple_entry_proselytizer
D:7:      layout_basic, grunt_temple_overflow_diamond, serial_shops,
          nicolae_take_the_stairs, uniq_joseph
D:8:      cheibrodos_quashed, layout_rooms, mainiacjoe_overflow_catwalk,
          erik_lair_dragon
D:9:      layout_basic, pf_just_have_faith, nicolae_overflow_quartered_altars,
          serial_shops, shop, minmay_the_grid_2x2 [minmay_the_grid_armoury,
          minmay_the_grid_dragon_a, minmay_the_grid_outer_diamond,
          minmay_the_grid_prize_diamond_cup], uniq_harold
Temple:   minmay_temple_bridge_abc
Abyss:1:  base: D:3, evilmike_abyss_exit_plants

Skill      XL: |  1  2  3  4  5  6  7  8  9 10 11 |
---------------+----------------------------------+-----
Axes           | 2 3 4 6 7 9 10 11 12 | 12.0
Shields        | 3 4 |  4.0
Armour         | 5 6 7 |  7.3
Fighting       | 6 7 8 |  8.9
Invocations    | 2 5 6 |  6.8

Action                     |  1- 3 |  4- 6 |  7- 9 | 10-12 || total
---------------------------+-------+-------+-------+-------++-------
  Melee: War axe           |    68 |   126 |       |       ||   194
         Hand axe          |       |    24 |   311 |   292 ||   627
  Throw: Boomerang         |       |       |     4 |       ||     4
    Use: Scroll            |       |       |       |     6 ||     6
         Potion            |       |       |       |     2 ||     2
   Stab: Distracted        |       |       |       |     1 ||     1
 Armour: Scale mail        |    45 |    56 |    68 |       ||   169
         Chain mail        |       |       |    31 |    25 ||    56
         Plate armour      |       |       |       |   138 ||   138
  Dodge: Dodged            |    43 |    67 |   114 |   100 ||   324
  Block: Buckler           |    18 |    28 |    48 |    44 ||   138
